 Dungeon Crawl Stone Soup version 0.26.1-11-gd32895ea62 (webtiles) character file.

Game seed: 1211663420969156290

9190 dtburroughs the Cleaver (level 11, -5/101 HPs)
             Began as a Minotaur Berserker on June 26, 2021.
             Was a Priest of Trog.
             Slain by an elephant (7 damage)
             ... on level 2 of the Lair of Beasts.
             The game lasted 00:27:36 (13333 turns).

dtburroughs the Cleaver (Minotaur Berserker)       Turns: 13333, Time: 00:27:36

Health: -5/101     AC: 17    Str: 23    XL:     11   Next: 19%
Magic:  10/10      EV: 12    Int:  7    God:    Trog [***...]
Gold:   476        SH:  5    Dex:  9    Spells: 10/10 levels left

rFire    . . .     SeeInvis .   G - -1 executioner's axe
rCold    . . .     Faith    .   (shield currently unavailable)
rNeg     . . .     Spirit   .   m - +0 chain mail
rPois    +         Reflect  +   (helmet restricted)
rElec    .         Harm     .   w - +0 cloak
rCorr    .         Rampage  .   r - +1 pair of gloves
Will     .....                  l - +0 pair of boots
Stlth    ..........             j - amulet of reflection
HPRegen  0.26/turn              F - ring of poison resistance
MPRegen  0.12/turn              (no ring)

@: slowed, very slow
A: retaliatory headbutt, horns 2
a: Renounce Religion, Berserk, Trog's Hand


You were on level 2 of the Lair of Beasts.
You worshipped Trog.
Trog was most pleased with you.
You visited 2 branches of the dungeon, and saw 12 of its levels.
You also visited: Sewer.

You collected 541 gold pieces.
You spent 65 gold pieces at shops.

Inventory:

Hand Weapons
 s - a +0 war axe
 G - a -1 executioner's axe (weapon)
 H - a +4 hand axe
Armour
 l - a +0 pair of boots (worn)
 m - a +0 chain mail (worn)
 r - a +1 pair of gloves (worn)
 w - a +0 cloak (worn)
Jewellery
 c - an uncursed amulet of guardian spirit
 j - an amulet of reflection (around neck)
 F - a ring of poison resistance (left hand)
Wands
 z - a wand of paralysis (7)
Scrolls
 b - 5 scrolls of immolation
 f - 3 scrolls of enchant armour
 g - 4 scrolls of fog
 h - 6 scrolls of teleportation
 k - 6 scrolls of remove curse
 u - 3 scrolls of magic mapping {unknown}
 x - a scroll of vulnerability {unknown}
 y - 3 scrolls of random uselessness {unknown}
 A - 3 scrolls of amnesia {unknown}
 D - a scroll of enchant weapon {unknown}
Potions
 a - 3 potions of lignification {unknown}
 d - a potion of might
 e - a potion of resistance {unknown}
 i - 2 potions of haste {unknown}
 n - 3 potions of flight {unknown}
 o - 5 potions of mutation
 p - 2 potions of curing
 q - a potion of invisibility {unknown}
 t - 2 potions of brilliance {unknown}
 v - a potion of heal wounds {unknown}
 B - a potion of attraction {unknown}
 C - a potion of berserk rage {unknown}
 E - a potion of cancellation {unknown}


   Skills:
 + Level 10.7 Fighting
 + Level 10.8 Axes
 + Level 10.4 Armour
 + Level 9.6 Dodging
 + Level 3.5 Evocations


You had 10 spell levels left.
You didn't know any spells.
Your spell library was empty.

Dungeon Overview and Level Annotations

Branches:
Dungeon (10/15)            Temple (0/1) D:5            Lair (2/6) D:8
  Sewer (visited)
  Swamp: Lair:2-4    Shoals: Lair:2-4     Snake: Lair:2-4    Spider: Lair:2-4
    Orc: D:9-12

Altars:
Cheibriados
Dithmenos
Elyvilon
Hepliaklqana
Kikubaaqudgha
Makhleb
Sif Muna
Trog
Wu Jian
The Shining One

Shops:
D:6 *   D:7 !

Annotations:
D:8 2 transporters, Alvadar's ghost, novice DEIE


Innate Abilities, Weirdness & Mutations

You reflexively headbutt those who attack you in melee.
You have a pair of horns on your head.


Message History

* * * LOW HITPOINT WARNING * * *
The torpor snail bites you but does no damage.
The elephant tramples you but does no damage.
The elephant trunk-slaps you but does no damage.
Okay, then.
Okay, then.
Okay, then.
Aiming: Paralyse
Press: ? - help, Shift-Dir - straight line, f - elephant
Aim: an elephant (lightly wounded, chance to affect: 23%)
The elephant resists with almost no effort.
The elephant tramples you!
* * * LOW HITPOINT WARNING * * *
You hold your ground!
The elephant completely misses you. The elephant tramples you.
* * * LOW HITPOINT WARNING * * *
You hold your ground!
The elephant trunk-slaps you but does no damage.
The elephant tramples you!
You die...

... ....
..... ....
#...
.....#...
.....#...
........#
..)....Y##
......†Y@#
.......w##
........#
.....P..#
....#....
.#. .#..#
#. .#....
. .. #...
#. ....


You could see 2 elephants and a torpor snail.

Vanquished Creatures
  A black mamba (Lair:1)
  An elephant (Lair:2)
  A komodo dragon (Lair:1)
  4 cane toads (Lair:1)
  Prince Ribbit (D:5)
  Grinder (D:5)
  A dream sheep (Lair:1)
  Sigmund (D:5)
  A wyvern (Lair:1)
  7 yaks
  3 water moccasins (D:7)
  Duvessa (D:5)
  An orc warrior (D:9)
  Purgy (Sewer)
  5 sky beasts
  4 black bears
  A phantom (D:8)
  4 ice beasts
  An ogre (D:6)
  7 centaurs
  A big kobold (D:9)
  9 bullfrogs
  Dowan (D:5)
  3 scorpions
  3 killer bees (D:8)
  5 wights (D:8)
  7 howler monkeys
  2 electric eels (Lair:1)
  A bullfrog zombie (D:8)
  5 hounds
  2 jellies
  A bullfrog skeleton (D:4)
  A gnoll shaman (D:9)
  2 orc priests
  Crazy Yiuf (D:5)
  4 orc wizards
  A centaur skeleton (D:8)
  An iguana (D:8)
  5 worker ants
  A killer bee zombie (D:7)
  14 gnolls
  6 adders
  A howler monkey skeleton (D:6)
  2 shadow imps
  7 white imps
  An ufetubus (D:6)
  3 oozes
  2 adder zombies
  3 adder skeletons
  4 worms
  12 leopard geckos
  21 orcs
  3 ball pythons
  2 giant cockroaches
  10 goblins
  6 hobgoblins
  2 jackals (Sewer)
  5 quokkas
  14 bats
  3 frilled lizards
  A jackal skeleton (D:5)
  A jackal zombie (D:6)
  17 kobolds
  A leopard gecko zombie (D:8)
  A quokka skeleton (D:5)
  12 rats
257 creatures vanquished.

Vanquished Creatures (collateral kills)
  A dream sheep (Lair:2)
  2 yaks (Lair:1)
3 creatures vanquished.

Vanquished Creatures (others)
  55 fungi
  46 plants
101 creatures vanquished.

Grand Total: 361 creatures vanquished

Notes
Turn   | Place    | Note
-------+----------+-------------------------------------------
     0 | D:1      | dtburroughs the Minotaur Berserker began the quest for the
                  | Orb.
     0 | D:1      | Reached XP level 1. HP: 19/19 MP: 0/0
   152 | D:1      | Reached XP level 2. HP: 24/27 MP: 1/1
  1137 | D:2      | Reached XP level 3. HP: 31/33 MP: 2/2
  1154 | D:2      | Reached ** piety under Trog
  1457 | D:2      | Reached XP level 4. HP: 29/41 MP: 3/3
  2492 | D:3      | Reached XP level 5. HP: 29/44 MP: 4/4
  3009 | D:3      | Reached skill level 5 in Fighting
  3009 | D:3      | Reached skill level 5 in Axes
  3388 | D:4      | Reached XP level 6. HP: 51/56 MP: 5/5
  3726 | D:4      | Reached *** piety under Trog
  3741 | D:4      | Found a glowing drain.
  3759 | Sewer    | Entered a sewer
  3912 | Sewer    | Noticed Purgy
  3926 | Sewer    | Killed Purgy
  4245 | D:4      | Reached XP level 7. HP: 62/62 MP: 6/6
  4304 | D:4      | Reached skill level 5 in Armour
  4334 | D:4      | Found a white marble altar of Elyvilon.
  4742 | D:5      | Entered Level 5 of the Dungeon
  4772 | D:5      | Noticed Duvessa
  4773 | D:5      | Noticed Dowan
  4784 | D:5      | Killed Duvessa
  4785 | D:5      | Reached skill level 5 in Dodging
  4793 | D:5      | Killed Dowan
  4922 | D:5      | Found a staircase to the Ecumenical Temple.
  4982 | D:5      | Noticed Sigmund
  5000 | D:5      | Killed Sigmund
  5001 | D:5      | Reached XP level 8. HP: 60/71 MP: 7/7
  5158 | D:5      | Noticed Prince Ribbit
  5299 | D:5      | Noticed Grinder
  5309 | D:5      | Killed Grinder
  5714 | D:5      | Found a runed translucent door.
  5715 | D:5      | Noticed Crazy Yiuf
  5883 | D:5      | Killed Prince Ribbit
  5884 | D:5      | Reached XP level 9. HP: 55/81 MP: 8/8
  6097 | D:5      | Killed Crazy Yiuf
  6388 | D:6      | Found a shimmering blue altar of Sif Muna.
  6389 | D:6      | Found a hazy altar of Hepliaklqana.
  6390 | D:6      | Found a burning altar of Makhleb.
  6391 | D:6      | Found an ornate altar of the Wu Jian Council.
  6392 | D:6      | Found a snail-covered altar of Cheibriados.
  6541 | D:6      | Found a white marble altar of Elyvilon.
  6638 | D:6      | Found Nounaor's Lightly-Used Armoury.
  7257 | D:6      | Found an ancient bone altar of Kikubaaqudgha.
  7457 | D:7      | Found Imith's Distillery.
  7953 | D:8      | Found a staircase to the Lair.
  8332 | D:8      | Reached **** piety under Trog
  8541 | D:8      | Reached XP level 10. HP: 88/91 MP: 9/9
  8708 | D:8      | Found a transporter.
  8721 | D:8      | Identified the cursed +10 giant spiked club "Pufokk"
                  | {flame, Str+5}
  8722 | D:8      | Found a bloodstained altar of Trog.
  8722 | D:8      | Noticed Alvadar's ghost (novice DEIE)
  8723 | D:8      | Noticed a moth of wrath
  8733 | D:8      | Found a transporter.
  8970 | D:8      | Found a shadowy altar of Dithmenos.
  9322 | D:9      | Reached skill level 1 in Evocations
  9398 | D:9      | Found a glowing golden altar of the Shining One.
 10339 | D:10     | Entered Level 10 of the Dungeon
 10536 | Lair:1   | Entered Level 1 of the Lair of Beasts
 10568 | Lair:1   | Reached skill level 10 in Fighting
 10568 | Lair:1   | Reached skill level 10 in Axes
 10758 | D:6      | Bought a -1 executioner's axe for 65 gold pieces
 11324 | Lair:1   | Noticed a cane toad
 11336 | Lair:1   | Killed a cane toad
 11413 | Lair:1   | Noticed a cane toad
 11429 | Lair:1   | Killed a cane toad
 12198 | Lair:1   | Reached skill level 10 in Armour
 12243 | Lair:1   | Noticed a cane toad
 12247 | Lair:1   | Killed a cane toad
 12499 | Lair:1   | Noticed a black mamba
 12511 | Lair:1   | Killed a black mamba
 12512 | Lair:1   | Reached XP level 11. HP: 40/101 MP: 10/10
 13333 | Lair:2   | HP: 5/101 [elephant (14)]
 13333 | Lair:2   | HP: 2/101 [elephant (3)]
 13333 | Lair:2   | Slain by an elephant

Illustrated notes

Levels and vault maps discovered:
D:1:      elethiomel_arrival_maze, layout_loops_ring
D:2:      lemuel_upstairs_altar, layout_basic, eino_tiny_chamber
D:3:      layout_basic
D:4:      layout_basic, gup_sewer_entry_pipe, minmay_stone_trees_small,
          hangedman_decor_riveting, st_stairs_4, elyvilon_altar_3
D:5:      layout_loops_ring, minmay_temple_entry_statues_fountains,
          uniq_sigmund, uniq_grinder, uniq_crazy_yiuf_cottage,
          uniq_prince_ribbit1, uniq_duvessa
D:6:      layout_basic, minitemple, kennysheep_mini, basic_altar,
          minmay_shop_damaged
D:7:      layout_basic, serial_shops, shop, amcnicky_mini_corridor_feature
D:8:      layout_rooms, nicolae_dithmenos_through_a_glass_darkly,
          due_lair_maze_entry_diamond, gammafunk_ghost_wrathful_warriors
D:9:      layout_stronghold, marbit_many_paths, minmay_holes
D:10:     minmay_chopped_fan, layout_basic, serial_undead, serial_undead_b,
          serial_undead_d, serial_undead_c, serial_undead_e, serial_undead_b,
          serial_undead_e, kennysheep_just_a_vault
Lair:1:   layout_chaotic_city, nicolae_quartered_pool_medium, grunt_megastairs_2
Lair:2:   nzn_winding_woodlands_cross [nzn_winding_woodlands_5x15_pockets,
          nzn_winding_woodlands_5x15_lazy_stream,
          nzn_winding_woodlands_5x15_cabin, nzn_winding_woodlands_5x15_pool,
          nzn_winding_woodlands_15x15_eel_pit], layout_gridlike,
          ebering_ghost_reflecting_pool

Skill      XL: |  1  2  3  4  5  6  7  8  9 10 |
---------------+-------------------------------+-----
Fighting       | 4 5 6 7 9 10 | 10.7
Axes           | 4 5 6 8 9 10 | 10.8
Armour         | 3 4 6 7 9 10 | 10.4
Dodging        | 3 4 5 6 8 9 |  9.6
Evocations     | 3 |  3.5

Action                   |  1- 3 |  4- 6 |  7- 9 | 10-12 || total
-------------------------+-------+-------+-------+-------++-------
Melee: Hand axe          |    67 |   117 |       |       ||   184
       Headbutt          |    11 |    29 |    50 |    59 ||   149
       War axe           |       |    57 |   294 |   145 ||   496
       Executioner's axe |       |       |       |    79 ||    79
Invok: Trog's Hand       |       |     3 |     6 |     2 ||    11
       Berserk           |       |     1 |       |       ||     1
       Brothers in Arms  |       |       |       |     2 ||     2
Evoke: Wand              |       |       |       |     1 ||     1
  Use: Scroll            |       |       |     6 |     2 ||     8
       Potion            |       |       |       |     3 ||     3
 Stab: Sleeping          |     1 |       |       |       ||     1
Armor: Animal skin       |    13 |     6 |       |       ||    19
       Chain mail        |       |    92 |   161 |   124 ||   377
Dodge: Dodged            |    54 |    94 |   180 |   156 ||   484
Block: Other             |       |    30 |    82 |    56 ||   168
       Reflection        |       |     1 |     7 |     4 ||    12
